 Dungeon Crawl Stone Soup version 0.22-a0-880-gb7b0c8b (webtiles) character file.

161 jjfam the Chopper (level 5, 0/70 HPs)
             Began as a Minotaur Berserker on July 30, 2018.
             Was a Believer of Trog.
             Succumbed to an orc's poison
             ... on level 3 of the Dungeon.
             The game lasted 00:05:06 (2158 turns).

jjfam the Chopper (Minotaur Berserker)              Turns: 2158, Time: 00:05:07

Health: 0/70       AC: 22    Str: 25 (27) XL:     5   Next: 18%
Magic:  4/4        EV:  2    Int:  6 (7)  God:    Trog [**....]
Gold:   94         SH:  0    Dex: 14 (15) Spells: 4/4 levels left

rFire    . . .     SeeInvis .   a - +0 hand axe
rCold    . . .     Gourm    .   (no shield)
rNeg     + + +     Faith    .   (armour currently unavailable)
rPois    +         Spirit   .   (helmet currently unavailable)
rElec    .         Reflect  .   (cloak currently unavailable)
rCorr    .         Harm     .   (gloves currently unavailable)
MR       .....     NoTele   +   (boots currently unavailable)
Stlth    ++........             (no amulet)
HPRegen  0.21/turn              m - +3 ring of intelligence
MPRegen  0.09/turn              (no ring)

@: mighty, agile, lethally poisoned (0 -> -1), tree-form
A: (retaliatory headbutt)
a: Berserk, Trog's Hand, Renounce Religion


You were on level 3 of the Dungeon.
You worshipped Trog.
Trog was pleased with you.
You were not hungry.
You were a tree.
You visited 1 branch of the dungeon, and saw 3 of its levels.

You collected 94 gold pieces.

Inventory:

Hand Weapons
 a - a +0 hand axe (weapon)
Armour
 b - a +0 animal skin
 j - a +0 pair of gloves (melded)
 n - a +0 ring mail (melded)
 q - a +2 cloak (melded)
Jewellery
 m - a +3 ring of intelligence (left branch)
Scrolls
 d - 2 scrolls of identify {unknown}
 e - a scroll of blinking {unknown}
 k - a scroll of magic mapping {unknown}
 l - 3 scrolls of remove curse {unknown}
Potions
 f - a potion of might
 g - a potion of agility
 h - a potion of mutation {unknown}
 o - a potion of degeneration
 p - a potion of lignification
Comestibles
 c - 5 rations
 i - 4 chunks of flesh


   Skills:
 + Level 4.7 Fighting
 + Level 5.4 Axes
 + Level 3.0 Armour
 + Level 3.2 Dodging
 + Level 0.5 Stealth


You had 4 spell levels left.
You didn't know any spells.
Your spell library was empty.

Dungeon Overview and Level Annotations

Branches:
Dungeon (3/15)

Altars:


Innate Abilities, Weirdness & Mutations

((You reflexively headbutt those who attack you in melee.))
((You have a pair of horns on your head.))


Message History

You feel sick.
It was a potion of lignification.
You turn into a tree.
Your +2 cloak melds into your body.
Your +0 pair of gloves melds into your body.
Your +0 ring mail melds into your body.
Your roots penetrate the ground.
There is a lethal amount of poison in your body!
You cannot move.
You cannot move.
There is a lethal amount of poison in your body!
There is a lethal amount of poison in your body!
There is a lethal amount of poison in your body!
* * * LOW HITPOINT WARNING * * *
You feel sick.
* * * LOW HITPOINT WARNING * * *
You feel sick.
* * * LOW HITPOINT WARNING * * *
You feel sick.
* * * LOW HITPOINT WARNING * * *
You feel sick.
You die...

#.... #.......
#.#..##.....!##
..............#
...............
..............#
####.###<..............#
#.......#......)...>....
#.......#......#♣.....##
#.......#.....##).......
#.......#.....##........
#.....................##
#.......#.....##......#
#.......#####.#)..#.###
#.......##......#.#.#
####.#####.#...........
####.#.....######.###.#


There were no monsters in sight!

Vanquished Creatures
  An orc wizard (D:3)
  3 gnolls (D:2)
  3 adders (D:2)
  An ooze (D:2)
  A worm (D:3)
  4 dart slugs
  2 leopard geckos
  3 orcs (D:3)
  A ball python (D:2)
  5 bats
  7 goblins
  6 hobgoblins
  6 jackals (D:1)
  6 kobolds
  3 frilled lizards
  6 rats (D:2)
58 creatures vanquished.

Notes
Turn   | Place    | Note
-------+----------+-------------------------------------------
     0 | D:1      | jjfam the Minotaur Berserker began the quest for the Orb.
     0 | D:1      | Reached XP level 1. HP: 19/19 MP: 0/0
   195 | D:1      | Reached XP level 2. HP: 20/27 MP: 1/1
   207 | D:1      | Reached skill level 4 in Axes
   665 | D:1      | Reached XP level 3. HP: 32/34 MP: 2/2
  1050 | D:2      | Reached ** piety under Trog
  1279 | D:2      | Reached XP level 4. HP: 41/41 MP: 3/3
  1838 | D:2      | Reached skill level 5 in Axes
  2141 | D:3      | Reached XP level 5. HP: 6/47 MP: 4/4
  2146 | D:3      | HP: 2/47 [poisoned by an orc]
  2152 | D:3      | HP: 1/70 [poisoned by an orc]
  2158 | D:3      | Succumbed to an orc's poison

Vault maps used:
D:1:      zelgadis_glass_arrival_small, minmay_heptomino_h4
D:2:      serial_co_window_serial, co_window_paths_a, co_window_paths_a,
          co_window_paths_b, co_window_of_opportunity_a, co_window_corner_a,
          co_window_corner_a, co_window_paths_c, co_window_unsneaky_path_c,
          co_window_cross_3, co_window_unsneaky_path_c, co_window_paths_d,
          glass_columns_c, glass_columns_a, glass_columns_b, glass_columns_a
D:3:      amethyst_overflow_temple_binary, uniq_natasha, uniq_robin,
          uniq_grinder

Skill      XL: |  1  2  3  4 |
---------------+-------------+-----
Fighting       | 4 |  4.7
Axes           | 4 5 |  5.4
Dodging        | 3 |  3.2
Armour         | 3 |  3.0
Stealth        | |  0.5

Action                   |  1- 3 |  4- 6 || total
-------------------------+-------+-------++-------
Melee: Hand axe          |    80 |    53 ||   133
       Headbutt          |    14 |     5 ||    19
Invok: Berserk           |     1 |       ||     1
  Use: Potion            |       |     4 ||     4
 Stab: Sleeping          |     1 |       ||     1
  Eat: Chunk             |     2 |     3 ||     5
Armor: Animal skin       |    11 |       ||    11
       Skin              |     1 |       ||     1
       Ring mail         |       |    17 ||    17
Dodge: Dodged            |    61 |    16 ||    77

Table legend:
 A = Spawn XP
 B = Non-spawn XP
 C = Spawn XP percentage of total XP
 D = Spawn monster count
 E = Non-spawn monster count
 F = Spawn count percentage of total count
 G = Total turns spent on level
                    A         B        C        D         E        F      G
               +---------+---------+-------+---------+---------+-------+---------
         Total |       0 |     230 |   0.0 |       0 |      58 |   0.0 |  2158
               +---------+---------+-------+---------+---------+-------+---------
           D:1 |       0 |      53 |   0.0 |       0 |      25 |   0.0 |  1031
           D:2 |       0 |     120 |   0.0 |       0 |      26 |   0.0 |  1010
           D:3 |       0 |      57 |   0.0 |       0 |       7 |   0.0 |   117
               +---------+---------+-------+---------+---------+-------+---------
